[Event "4NCL Div 1 2024-25"]
[Site "England"]
[Date "2024.11.23"]
[Round "1.1"]
[White "Golding, Alex"]
[Black "Harvey, Marcus R"]
[Result "0-1"]
[ECO "B10"]
[WhiteElo "2404"]
[BlackElo "2491"]
[Annotator "RC"]
[PlyCount "50"]
[EventDate "2024.11.23"]
[EventType "team-tourn"]
[EventCountry "ENG"]
[SourceTitle "playchess.com"]
[Source "ChessBase"]
[SourceQuality "1"]
[TimeControl "40/6000+30:3000+30"]

1. e4 c6 2. Nf3 d5 3. d3 dxe4 4. dxe4 Qxd1+ 5. Kxd1 Nf6 6. Nbd2 g6 7. Ne5 Bg7 8. Nd3 O-O 9. f3 Rd8 10. c3 Ne8 11. Kc2 f5 12. exf5 Bxf5 13. g4 Bc8 14. Ne4 Nd6 15. Ndf2 Nd7 16. Bg5 Nf6 17. Bxf6 Bxf6 18. Re1 Bh4 19. Ng3 Rf8 20. Bg2 b6 21. Nd3 c5 22. Re2 Ba6 23. Rd1 Rad8 24. Ne4 Nc4 25. Nef2 Bxf2 0-1

[Event "4NCL Div 1 2024-25"]
[Site "England"]
[Date "2024.11.23"]
[Round "1.2"]
[White "Speelman, Jon S"]
[Black "Willow, Jonah B"]
[Result "1/2-1/2"]
[ECO "A05"]
[WhiteElo "2499"]
[BlackElo "2454"]
[Annotator "RC"]
[PlyCount "61"]
[EventDate "2024.11.23"]
[EventType "team-tourn"]
[EventCountry "ENG"]
[SourceTitle "playchess.com"]
[Source "ChessBase"]
[SourceQuality "1"]
[TimeControl "40/6000+30:3000+30"]

1. Nf3 Nf6 2. g3 c5 3. Bg2 Nc6 4. O-O e5 5. e4 d6 6. Re1 g6 7. c3 Bg7 8. d3 O-O 9. Nbd2 Re8 10. a3 d5 11. b4 cxb4 12. axb4 d4 13. cxd4 Nxd4 14. Bb2 Nxf3+ 15. Nxf3 Bg4 16. Ra5 Qd6 17. Qb3 Bxf3 18. Bxf3 b6 19. Ra6 Bf8 20. Rea1 Qxb4 21. Qxb4 Bxb4 22. Rxa7 Rad8 23. Be2 Rc8 24. Bd1 Bc3 25. Bxc3 Rxc3 26. Ba4 Rd8 27. Bb5 Ne8 28. Bxe8 Rxe8 29. Rd7 Re6 30. Ra2 b5 31. Rb7 1/2-1/2

[Event "4NCL Div 1 2024-25"]
[Site "England"]
[Date "2024.11.23"]
[Round "1.3"]
[White "Balaji, Aaravamudhan"]
[Black "Murphy, Conor E"]
[Result "0-1"]
[ECO "E20"]
[WhiteElo "2377"]
[BlackElo "2444"]
[Annotator "RC"]
[PlyCount "112"]
[EventDate "2024.11.23"]
[EventType "team-tourn"]
[EventCountry "ENG"]
[SourceTitle "playchess.com"]
[Source "ChessBase"]
[SourceQuality "1"]
[TimeControl "40/6000+30:3000+30"]

1. d4 Nf6 2. c4 e6 3. Nc3 Bb4 4. f3 d5 5. a3 Bxc3+ 6. bxc3 c6 7. e4 dxe4 8. fxe4 e5 9. Nf3 Bg4 10. Qd3 Nbd7 11. dxe5 Ng8 12. Rb1 Ne7 13. Bg5 h6 14. Bh4 g5 15. Bf2 Ng6 16. Rxb7 Rb8 17. Qb1 Rxb7 18. Qxb7 O-O 19. Bd4 c5 20. Be3 Qa5 21. Kf2 Rb8 22. Qd5 Be6 23. Qd6 Rb6 24. Qd2 Qxa3 25. Kg3 Rb3 26. h4 Rxc3 27. Kf2 Qb3 28. Ne1 Ndxe5 29. Be2 gxh4 30. Bxc5 Rxc4 31. Bxc4 Qg3+ 32. Kg1 Bxc4 33. Rh3 Qg4 34. Qxh6 Qxe4 35. Qe3 Qf5 36. Qf2 Qh5 37. Bd4 Ng4 38. Qb2 Qf5 39. Nf3 Bb5 40. Rh1 Qd3 41. Qc1 Bc6 42. Rxh4 Nxh4 43. Qg5+ Ng6 44. Qxg4 Qd1+ 45. Kh2 Bxf3 46. gxf3 Qd2+ 47. Kg1 a5 48. Qc8+ Kh7 49. Qh3+ Qh6 50. Qd7 Qf4 51. Qh3+ Qh4 52. Qxh4+ Nxh4 53. Kf2 Kg6 54. Bc5 Kf5 55. Ke3 Ke5 56. Be7 Nf5+ 0-1

[Event "4NCL Div 1 2024-25"]
[Site "England"]
[Date "2024.11.23"]
[Round "1.6"]
[White "Zhou, Yang-Fan"]
[Black "Derakhshani, Borna"]
[Result "1/2-1/2"]
[ECO "A06"]
[WhiteElo "2418"]
[BlackElo "2355"]
[Annotator "RC"]
[PlyCount "48"]
[EventDate "2024.11.23"]
[EventType "team-tourn"]
[EventCountry "ENG"]
[SourceTitle "playchess.com"]
[Source "ChessBase"]
[SourceQuality "1"]
[TimeControl "40/6000+30:3000+30"]

1. b3 d5 2. Bb2 Nf6 3. Nf3 c6 4. d3 a5 5. a3 Bf5 6. Nh4 Bd7 7. g3 Qc8 8. Bg2 Bh3 9. O-O Bxg2 10. Kxg2 e6 11. Nd2 Be7 12. e4 c5 13. exd5 Nxd5 14. Qg4 Qc6 15. Nhf3 Rg8 16. Kg1 Nd7 17. Qe4 Bf6 18. Qxh7 O-O-O 19. Bxf6 gxf6 20. Qh4 f5 21. Ng5 f6 22. Ngf3 Rg4 23. Qh6 Rdg8 24. Rfe1 Nf4 1/2-1/2

[Event "4NCL Div 1 2024-25"]
[Site "England"]
[Date "2024.11.23"]
[Round "1.9"]
[White "Erdos, Viktor"]
[Black "Larkin, Vladyslav"]
[Result "1-0"]
[ECO "E49"]
[WhiteElo "2533"]
[BlackElo "2455"]
[Annotator "RC"]
[PlyCount "109"]
[EventDate "2024.11.23"]
[EventType "team-tourn"]
[EventCountry "ENG"]
[SourceTitle "playchess.com"]
[Source "ChessBase"]
[SourceQuality "1"]
[TimeControl "40/6000+30:3000+30"]

1. d4 Nf6 2. c4 e6 3. Nc3 Bb4 4. e3 O-O 5. Bd3 d5 6. a3 Bxc3+ 7. bxc3 c5 8. cxd5 exd5 9. Ne2 Qc7 10. O-O b6 11. f3 Re8 12. Ra2 Ba6 13. Ng3 cxd4 14. cxd4 Qc3 15. Bxa6 Nxa6 16. Rc2 Qb3 17. e4 Nd7 18. Nf5 f6 19. Ne7+ Kh8 20. Nxd5 f5 21. Bb2 Rad8 22. Re2 Qb5 23. Rfe1 Nf8 24. a4 Qd7 25. Qd3 Nb8 26. Qb5 Qf7 27. h3 Ng6 28. exf5 Rxe2 29. Rxe2 Nh4 30. Ne7 Nd7 31. Nc6 Rf8 32. Ne5 Nxe5 33. dxe5 Qxf5 34. e6 Qxb5 35. axb5 Kg8 36. Rd2 Re8 37. Rd7 Rxe6 38. Rxg7+ Kf8 39. Kf2 Ng6 40. Rxh7 Nf4 41. Ba3+ Kg8 42. Rxa7 Re2+ 43. Kg3 Nxg2 44. f4 Ra2 45. f5 Ne3 46. f6 Nf5+ 47. Kf4 Nh6 48. Rg7+ Kh8 49. Be7 Rf2+ 50. Ke4 Ng8 51. Kd5 Rf5+ 52. Ke6 Rf3 53. Rg5 Nh6 54. Rh5 Re3+ 55. Kd7 1-0

[Event "4NCL Div 1 2024-25"]
[Site "England"]
[Date "2024.11.23"]
[Round "1.10"]
[White "Jogstad, Martin"]
[Black "Royal, Shreyas"]
[Result "0-1"]
[ECO "A09"]
[WhiteElo "2379"]
[BlackElo "2520"]
[Annotator "RC"]
[PlyCount "80"]
[EventDate "2024.11.23"]
[EventType "team-tourn"]
[EventCountry "ENG"]
[SourceTitle "playchess.com"]
[Source "ChessBase"]
[SourceQuality "1"]
[TimeControl "40/6000+30:3000+30"]

1. c4 Nf6 2. g3 e6 3. Bg2 d5 4. Nf3 d4 5. d3 c5 6. O-O Nc6 7. e3 h6 8. Re1 Bd6 9. Na3 O-O 10. Nb5 Bb8 11. exd4 cxd4 12. c5 e5 13. Nd2 a6 14. Na3 Bc7 15. Nac4 Re8 16. a3 Be6 17. Qc2 Bd5 18. Ne4 Nxe4 19. Bxe4 Bxe4 20. Rxe4 Qd5 21. Nd2 f5 22. Re1 e4 23. dxe4 d3 24. Qc4 Qxc4 25. Nxc4 Nd4 26. Rd1 Rxe4 27. Ne3 Nb3 28. Rb1 Rd8 29. Bd2 f4 30. gxf4 Bxf4 31. Nf1 Nxc5 32. Rbc1 Ne6 33. f3 Re2 34. Kh1 Bxd2 35. Rxd2 Nf4 36. Rc4 g5 37. Re4 Rc8 38. h4 Rc1 39. Kg1 Nh3+ 40. Kh1 Rxf1# 0-1

[Event "4NCL Div 1 2024-25"]
[Site "England"]
[Date "2024.11.23"]
[Round "1.11"]
[White "Csonka, Balazs"]
[Black "Maycock Bates, David Henry"]
[Result "1-0"]
[ECO "E04"]
[WhiteElo "2473"]
[BlackElo "2290"]
[Annotator "RC"]
[PlyCount "71"]
[EventDate "2024.11.23"]
[EventType "team-tourn"]
[EventCountry "ENG"]
[SourceTitle "playchess.com"]
[Source "ChessBase"]
[SourceQuality "1"]
[TimeControl "40/6000+30:3000+30"]

1. d4 Nf6 2. c4 e6 3. Nf3 d5 4. g3 dxc4 5. Bg2 a6 6. Ne5 Bb4+ 7. Nc3 Nd5 8. O-O Nxc3 9. bxc3 Bxc3 10. Rb1 Qxd4 11. Qa4+ b5 12. Qa3 Qxe5 13. Bf4 Qf6 14. Bxc7 b4 15. Qa5 O-O 16. Bxa8 e5 17. Qc5 Bf5 18. Qxc4 Bxb1 19. Rxb1 a5 20. Bxa5 Qa6 21. Qxa6 Nxa6 22. Bb7 Nc5 23. Bd5 g6 24. a3 Rb8 25. axb4 Na6 26. Bc4 Nxb4 27. Rb3 Bd2 28. Kf1 h5 29. e3 h4 30. gxh4 Kg7 31. Ke2 Rh8 32. Kxd2 Nc6 33. Bc3 Rxh4 34. Bd5 Ne7 35. Bxe5+ f6 36. Bg3 1-0

[Event "4NCL Div 1 2024-25"]
[Site "England"]
[Date "2024.11.23"]
[Round "1.13"]
[White "Grieve, Harry"]
[Black "Jarocka, Liwia"]
[Result "1-0"]
[ECO "B15"]
[WhiteElo "2464"]
[BlackElo "2267"]
[Annotator "RC"]
[PlyCount "77"]
[EventDate "2024.11.23"]
[EventType "team-tourn"]
[EventCountry "ENG"]
[SourceTitle "playchess.com"]
[Source "ChessBase"]
[SourceQuality "1"]
[TimeControl "40/6000+30:3000+30"]

1. e4 c6 2. d4 d5 3. Nd2 dxe4 4. Nxe4 Nf6 5. Nxf6+ exf6 6. c3 Bd6 7. Bd3 O-O 8. Qc2 Re8+ 9. Ne2 h5 10. O-O h4 11. h3 Bc7 12. Bd2 Nd7 13. Rae1 Nf8 14. f4 g6 15. f5 g5 16. c4 Qd6 17. c5 Qh2+ 18. Kf2 Rxe2+ 19. Kxe2 Bg3 20. Kd1 Bxe1 21. Bxe1 Bd7 22. Bc3 Be8 23. Qe2 Qc7 24. Rf3 b6 25. b4 Bd7 26. Qe7 Nh7 27. Bc4 Rf8 28. Be6 fxe6 29. fxe6 Qd8 30. Qxd7 Qxd7 31. exd7 Rd8 32. b5 Rxd7 33. bxc6 Rd8 34. cxb6 axb6 35. Rd3 Nf8 36. d5 Kf7 37. Kc2 Rc8 38. Kb3 Ng6 39. d6 1-0

[Event "4NCL Div 1 2024-25"]
[Site "England"]
[Date "2024.11.23"]
[Round "1.15"]
[White "Galyas, Miklos"]
[Black "Patel, Zain"]
[Result "1/2-1/2"]
[ECO "A30"]
[WhiteElo "2374"]
[BlackElo "2083"]
[Annotator "RC"]
[PlyCount "99"]
[EventDate "2024.11.23"]
[EventType "team-tourn"]
[EventCountry "ENG"]
[SourceTitle "playchess.com"]
[Source "ChessBase"]
[SourceQuality "1"]
[TimeControl "40/6000+30:3000+30"]

1. Nf3 Nf6 2. g3 b6 3. Bg2 Bb7 4. O-O c5 5. c4 e6 6. Nc3 Be7 7. d4 cxd4 8. Qxd4 O-O 9. Rd1 Nc6 10. Qf4 Rc8 11. b3 Ba8 12. Bb2 a6 13. e4 d6 14. Rac1 h6 15. h3 Nh7 16. h4 f5 17. exf5 Rxf5 18. Qe3 Nf8 19. Ne4 Qc7 20. Nd4 Rf7 21. Re1 Ne5 22. Qe2 Ned7 23. Rcd1 Nf6 24. Nc3 Bxg2 25. Kxg2 Qb7+ 26. Kg1 Rc5 27. Na4 Re5 28. Qf3 Ne4 29. Qh1 Bf6 30. Re2 Nc5 31. Qxb7 Rxb7 32. Nc3 Rxe2 33. Ndxe2 Rd7 34. Bc1 Ng6 35. Kg2 Kf7 36. Be3 Ne5 37. f4 Ng4 38. Bg1 Bd8 39. b4 Nb7 40. c5 bxc5 41. bxc5 Rc7 42. cxd6 Rd7 43. Ne4 Nf6 44. N2c3 Ba5 45. Nxf6 gxf6 46. Ne4 Bb4 47. Rc1 Nxd6 48. Rd1 a5 49. a4 Ke7 50. Nxd6 1/2-1/2

[Event "4NCL Div 1 2024-25"]
[Site "England"]
[Date "2024.11.23"]
[Round "1.17"]
[White "Slaby, Jerzy"]
[Black "Rendle, Thomas E"]
[Result "0-1"]
[ECO "A09"]
[WhiteElo "2468"]
[BlackElo "2383"]
[Annotator "RC"]
[PlyCount "58"]
[EventDate "2024.11.23"]
[EventType "team-tourn"]
[EventCountry "ENG"]
[SourceTitle "playchess.com"]
[Source "ChessBase"]
[SourceQuality "1"]
[TimeControl "40/6000+30:3000+30"]

1. Nf3 d5 2. g3 g6 3. c4 dxc4 4. Na3 Bg7 5. Nxc4 Nc6 6. Bg2 e5 7. d3 e4 8. dxe4 Qxd1+ 9. Kxd1 Nf6 10. Nfd2 Ng4 11. Ke1 Nb4 12. Kf1 Be6 13. h3 O-O-O 14. Na3 Ne5 15. f4 Nec6 16. Kf2 Nd4 17. Nb3 Ndc2 18. Nxc2 Nxc2 19. Rb1 a5 20. f5 gxf5 21. Bg5 a4 22. Na5 Bd4+ 23. e3 Bb6 24. Bxd8 Rxd8 25. exf5 Rd2+ 26. Kf3 Bd5+ 27. e4 Bxa2 28. Rbd1 Rf2+ 29. Kg4 Ne3+ 0-1

[Event "4NCL Div 1 2024-25"]
[Site "England"]
[Date "2024.11.23"]
[Round "1.19"]
[White "Makkar, Rajat"]
[Black "Foisor, Mihaela-Veronica"]
[Result "1-0"]
[ECO "D24"]
[WhiteElo "2432"]
[BlackElo "2156"]
[Annotator "RC"]
[PlyCount "53"]
[EventDate "2024.11.23"]
[EventType "team-tourn"]
[EventCountry "ENG"]
[SourceTitle "playchess.com"]
[Source "ChessBase"]
[SourceQuality "1"]
[TimeControl "40/6000+30:3000+30"]

1. d4 d5 2. c4 e6 3. Nf3 Nf6 4. Nc3 dxc4 5. e4 c5 6. d5 exd5 7. e5 Nfd7 8. Qxd5 Nb6 9. Qxd8+ Kxd8 10. Bg5+ Be7 11. O-O-O+ Bd7 12. Nb5 Nc6 13. Nd6 Kc7 14. Bxe7 Nxe7 15. Nxf7 Rhf8 16. Nd6 Be6 17. Ng5 Bg8 18. g3 Rxf2 19. Nge4 Rff8 20. Bh3 Kc6 21. Nc3 Rf2 22. Nde4 Rf5 23. Rd6+ Kc7 24. Nb5+ Kc8 25. Rhd1 Nbd5 26. Bxf5+ Nxf5 27. R6xd5 1-0

[Event "4NCL Div 1 2024-25"]
[Site "England"]
[Date "2024.11.23"]
[Round "1.20"]
[White "Lentzos, Ioanis"]
[Black "Roberson, Peter T"]
[Result "0-1"]
[ECO "B13"]
[WhiteElo "2126"]
[BlackElo "2432"]
[Annotator "RC"]
[PlyCount "110"]
[EventDate "2024.11.23"]
[EventType "team-tourn"]
[EventCountry "ENG"]
[SourceTitle "playchess.com"]
[Source "ChessBase"]
[SourceQuality "1"]
[TimeControl "40/6000+30:3000+30"]

1. c4 c5 2. Nf3 Nc6 3. e3 Nf6 4. Nc3 a6 5. d4 cxd4 6. exd4 d5 7. cxd5 Nxd5 8. Qb3 e6 9. Bd3 Be7 10. O-O O-O 11. Nxd5 exd5 12. Be3 Bf6 13. h3 Qd6 14. Rac1 Rb8 15. Rc5 Be6 16. Rfc1 Qd7 17. a3 h6 18. Bf4 Nxd4 19. Nxd4 Bxd4 20. Rc7 Qd8 21. Bb1 Qf6 22. Qd3 g6 23. Bxh6 Rfc8 24. Rxc8+ Rxc8 25. Rxc8+ Bxc8 26. Qd2 Bxb2 27. Qxd5 Bxa3 28. Bg5 Qd6 29. Qe4 Qe6 30. Qd3 Be7 31. Be3 Bd7 32. Ba2 Qd6 33. Qe4 Bc6 34. Qg4 Kg7 35. h4 Bd7 36. Bd4+ Kg8 37. Qf3 Be6 38. Bxe6 Qxe6 39. Qxb7 Bf8 40. Qa7 Qe4 41. Qb6 Qxh4 42. g3 Qh5 43. Qf6 a5 44. Kg2 a4 45. f3 Qh6 46. f4 a3 47. g4 a2 48. Be5 g5 49. fxg5 Qxf6 50. gxf6 Kh7 51. Kf3 Kg6 52. g5 Ba3 53. Ke4 Bc1 54. Kd3 Bxg5 55. Kc2 Bxf6 0-1

[Event "4NCL Div 1 2024-25"]
[Site "England"]
[Date "2024.11.23"]
[Round "1.26"]
[White "Hebden, Mark L"]
[Black "Macak, Stefan"]
[Result "1/2-1/2"]
[ECO "D54"]
[WhiteElo "2372"]
[BlackElo "2310"]
[Annotator "RC"]
[PlyCount "101"]
[EventDate "2024.11.23"]
[EventType "team-tourn"]
[EventCountry "ENG"]
[SourceTitle "playchess.com"]
[Source "ChessBase"]
[SourceQuality "1"]
[TimeControl "40/6000+30:3000+30"]

1. d4 d5 2. c4 e6 3. Nc3 Nf6 4. Bg5 Be7 5. e3 O-O 6. Rc1 h6 7. Bh4 c5 8. dxc5 dxc4 9. Bxc4 Qxd1+ 10. Rxd1 Nbd7 11. Nf3 Nxc5 12. O-O a6 13. Nd4 Re8 14. b4 Nce4 15. Nxe4 Nxe4 16. Bxe7 Rxe7 17. f3 Nf6 18. e4 e5 19. Nb3 Be6 20. Bxe6 Rxe6 21. Nc5 Rb6 22. a3 a5 23. Na4 Rb5 24. Nc3 Rb6 25. b5 Rc8 26. Rd3 Kf8 27. Rfd1 Ke8 28. Kf2 Re6 29. Na4 Ke7 30. R1d2 g5 31. h3 h5 32. g4 h4 33. Ke3 Ke8 34. Rc3 Rxc3+ 35. Nxc3 Re7 36. Nd5 Nxd5+ 37. exd5 Rc7 38. Ke4 Kd7 39. Kxe5 Rc3 40. b6 Rxa3 41. Rc2 Re3+ 42. Kf5 Rxf3+ 43. Kxg5 Rxh3 44. Rc7+ Kd6 45. Rxb7 Kxd5 46. Ra7 Rb3 47. Rxa5+ Ke6 48. Ra6 h3 49. b7+ Ke7 50. Ra7 Ke6 51. Ra6+ 1/2-1/2

[Event "4NCL Div 1 2024-25"]
[Site "England"]
[Date "2024.11.23"]
[Round "1.27"]
[White "Badacsonyi, Stanley"]
[Black "Williams, Simon K"]
[Result "0-1"]
[ECO "A92"]
[WhiteElo "2298"]
[BlackElo "2442"]
[Annotator "RC"]
[PlyCount "84"]
[EventDate "2024.11.23"]
[EventType "team-tourn"]
[EventCountry "ENG"]
[SourceTitle "playchess.com"]
[Source "ChessBase"]
[SourceQuality "1"]
[TimeControl "40/6000+30:3000+30"]

1. d4 e6 2. c4 f5 3. g3 Nf6 4. Bg2 d5 5. Nf3 Be7 6. O-O Ne4 7. Qc2 Nc6 8. b3 h5 9. Ba3 Bf6 10. Rd1 h4 11. Nc3 hxg3 12. hxg3 Qd7 13. e3 Qf7 14. Ne2 g5 15. Bb2 Qh5 16. Kf1 Bd7 17. Ne5 O-O-O 18. Nxd7 Rxd7 19. f3 Nb4 20. Qb1 f4 21. gxf4 gxf4 22. Nxf4 Ng3+ 23. Ke1 Qh2 24. Kd2 Bg5 25. Kc3 c5 26. Rd2 e5 27. dxc5 a5 28. Nxd5 Nxd5+ 29. cxd5 Bxe3 30. Qd3 Bxd2+ 31. Qxd2 Rg8 32. Kc4 Nf5 33. Qxa5 Rxg2 34. Qa8+ Kc7 35. d6+ Rxd6 36. Qa5+ Kd7 37. cxd6 Qf4+ 38. Kc5 Rc2+ 39. Kb6 Rc6+ 40. Kxb7 Nxd6+ 41. Ka7 Qe3+ 42. Kb8 Rc8# 0-1

[Event "4NCL Div 1 2024-25"]
[Site "England"]
[Date "2024.11.23"]
[Round "1.28"]
[White "Pert, Richard G"]
[Black "Pang, Ethan"]
[Result "1-0"]
[ECO "A46"]
[WhiteElo "2399"]
[BlackElo "2303"]
[Annotator "RC"]
[PlyCount "81"]
[EventDate "2024.11.23"]
[EventType "team-tourn"]
[EventCountry "ENG"]
[SourceTitle "playchess.com"]
[Source "ChessBase"]
[SourceQuality "1"]
[TimeControl "40/6000+30:3000+30"]

1. d4 Nf6 2. Nf3 e6 3. Bf4 c5 4. e3 Nc6 5. Nc3 Qa5 6. Nd2 cxd4 7. Nc4 Qd8 8. exd4 Bb4 9. Nd6+ Ke7 10. Ndb5 Nd5 11. Bd2 Nf6 12. d5 exd5 13. a3 Bxc3 14. Bxc3 Re8 15. Be2 a6 16. Bxf6+ Kxf6 17. Nc3 Ke7 18. Qxd5 Kf8 19. O-O-O Re5 20. Qd3 Qg5+ 21. Kb1 Qg6 22. f4 Qxd3 23. Bxd3 Re8 24. Be4 g6 25. Bf3 Rb8 26. Nd5 Rd8 27. Rhe1 Kg7 28. Nb6 d6 29. Nc4 Be6 30. Nxd6 Na5 31. b4 Nc4 32. Rxe6 Nxa3+ 33. Kb2 fxe6 34. Kxa3 b6 35. c4 Rf8 36. Rd4 Rfd8 37. c5 bxc5 38. bxc5 Kf6 39. c6 e5 40. fxe5+ Kxe5 41. Rd5+ 1-0

[Event "4NCL Div 1 2024-25"]
[Site "England"]
[Date "2024.11.23"]
[Round "1.29"]
[White "Yoon, Jacob D"]
[Black "Arkell, Keith C"]
[Result "1/2-1/2"]
[ECO "B17"]
[WhiteElo "2270"]
[BlackElo "2359"]
[Annotator "RC"]
[PlyCount "109"]
[EventDate "2024.11.23"]
[EventType "team-tourn"]
[EventCountry "ENG"]
[SourceTitle "playchess.com"]
[Source "ChessBase"]
[SourceQuality "1"]
[TimeControl "40/6000+30:3000+30"]

1. e4 c6 2. d4 d5 3. Nc3 dxe4 4. Nxe4 Nd7 5. Ng5 Ngf6 6. Bd3 Nb6 7. Qe2 Bg4 8. N1f3 Bxf3 9. Nxf3 g6 10. Bg5 Bg7 11. O-O-O h6 12. Bd2 e6 13. c3 Qe7 14. Ne5 O-O-O 15. Qf3 Nbd5 16. a3 Qe8 17. Bc2 Ne7 18. Rhe1 Rf8 19. g4 Nd7 20. Nd3 Nb6 21. Bb3 Kb8 22. Nc5 Ka8 23. Qg3 Nd7 24. Nd3 Rc8 25. Bf4 Qd8 26. Bd6 Re8 27. Qf4 Bf6 28. Kb1 g5 29. Qf3 Ng6 30. Bg3 Rf8 31. Bc2 Be7 32. Nc1 Nh4 33. Qe2 Qb6 34. Ka2 Ng2 35. Rg1 Nf4 36. Bxf4 gxf4 37. Nd3 Bd6 38. Qf3 Qc7 39. c4 c5 40. d5 exd5 41. Qxd5 Nb6 42. Qf5 Nxc4 43. Rge1 Nb6 44. Re4 Rfe8 45. Rde1 Rxe4 46. Rxe4 c4 47. Nxf4 c3 48. b3 a6 49. Nd5 Nxd5 50. Qxd5 Rd8 51. Rc4 Qb6 52. Qf5 Bxh2 53. Rxc3 Rd2 54. Qxf7 Qxf2 55. Qxf2 1/2-1/2

[Event "4NCL Div 1 2024-25"]
[Site "England"]
[Date "2024.11.23"]
[Round "1.30"]
[White "Eggleston, David J"]
[Black "Mirzoeva, Elmira"]
[Result "1-0"]
[ECO "B12"]
[WhiteElo "2339"]
[BlackElo "2258"]
[Annotator "RC"]
[PlyCount "75"]
[EventDate "2024.11.23"]
[EventType "team-tourn"]
[EventCountry "ENG"]
[SourceTitle "playchess.com"]
[Source "ChessBase"]
[SourceQuality "1"]
[TimeControl "40/6000+30:3000+30"]

1. e4 c6 2. d4 d5 3. e5 Bf5 4. h4 h5 5. c4 e6 6. Nc3 Ne7 7. Nge2 Nd7 8. Ng3 Bg6 9. Bg5 Qb6 10. Rc1 f6 11. exf6 gxf6 12. Be3 O-O-O 13. cxd5 Nxd5 14. Nxd5 exd5 15. Bd3 Bb4+ 16. Kf1 Bxd3+ 17. Qxd3 Kb8 18. Rh3 Nf8 19. Qf5 Be7 20. Nxh5 Qxb2 21. Nxf6 Ka8 22. h5 Bxf6 23. Qxf6 Nd7 24. Qh4 Rde8 25. Re1 Qxa2 26. h6 a5 27. Kg1 Qc2 28. Rc1 Qb2 29. Rf1 a4 30. Qg3 Rh7 31. Qg6 Reh8 32. Rf3 Qb4 33. Rb1 Qe7 34. Qc2 Rf7 35. Qxa4+ Kb8 36. Rxf7 Qxf7 37. Qxc6 b6 38. Ra1 1-0

[Event "4NCL Div 1 2024-25"]
[Site "England"]
[Date "2024.11.23"]
[Round "1.33"]
[White "Gormally, Daniel W"]
[Black "Emms, John M"]
[Result "1/2-1/2"]
[ECO "D53"]
[WhiteElo "2424"]
[BlackElo "2413"]
[Annotator "RC"]
[PlyCount "63"]
[EventDate "2024.11.23"]
[EventType "team-tourn"]
[EventCountry "ENG"]
[SourceTitle "playchess.com"]
[Source "ChessBase"]
[SourceQuality "1"]
[TimeControl "40/6000+30:3000+30"]

1. d4 d5 2. c4 e6 3. Nf3 Nf6 4. Nc3 Be7 5. Bg5 h6 6. Bh4 dxc4 7. e3 c5 8. Bxc4 cxd4 9. exd4 Nc6 10. O-O O-O 11. Re1 a6 12. Bb3 b5 13. Bxf6 Bxf6 14. d5 Bxc3 15. bxc3 exd5 16. Bxd5 Bb7 17. c4 Na5 18. Bxb7 Nxb7 19. Ne5 Qxd1 20. Raxd1 Rfd8 21. Nc6 Rxd1 22. Rxd1 bxc4 23. Rd4 c3 24. Rc4 Kf8 25. Rxc3 Rc8 26. Rc4 Nd8 27. Ne5 Rxc4 28. Nxc4 Ke7 29. Kf1 Ke6 30. Ke2 Nc6 31. a3 Ne5 32. Ne3 1/2-1/2

[Event "4NCL Div 1 2024-25"]
[Site "England"]
[Date "2024.11.23"]
[Round "1.34"]
[White "Chow, Samuel"]
[Black "Ansell, Simon T"]
[Result "1-0"]
[ECO "D15"]
[WhiteElo "2348"]
[BlackElo "2323"]
[Annotator "RC"]
[PlyCount "57"]
[EventDate "2024.11.23"]
[EventType "team-tourn"]
[EventCountry "ENG"]
[SourceTitle "playchess.com"]
[Source "ChessBase"]
[SourceQuality "1"]
[TimeControl "40/6000+30:3000+30"]

1. d4 d5 2. c4 c6 3. Nc3 Nf6 4. e3 a6 5. Nf3 b5 6. b3 Bg4 7. a4 b4 8. Ne2 Bxf3 9. gxf3 e6 10. Bg2 Be7 11. e4 O-O 12. O-O a5 13. e5 Ne8 14. Be3 Nd7 15. Rc1 g6 16. cxd5 cxd5 17. Rc6 Ng7 18. Qd3 Nb8 19. Rc2 Qd7 20. Rfc1 Ra7 21. Bf1 Nf5 22. Ng3 f6 23. Nxf5 gxf5 24. Bh6 Rd8 25. f4 Kh8 26. Qg3 Bf8 27. Bb5 Qe7 28. exf6 Qxf6 29. Bg5 1-0

[Event "4NCL Div 1 2024-25"]
[Site "England"]
[Date "2024.11.23"]
[Round "1.35"]
[White "Ledger, Andrew J"]
[Black "Camacho Collados, Jose"]
[Result "1-0"]
[ECO "E12"]
[WhiteElo "2328"]
[BlackElo "2348"]
[Annotator "RC"]
[PlyCount "109"]
[EventDate "2024.11.23"]
[EventType "team-tourn"]
[EventCountry "ENG"]
[SourceTitle "playchess.com"]
[Source "ChessBase"]
[SourceQuality "1"]
[TimeControl "40/6000+30:3000+30"]

1. d4 e6 2. c4 b6 3. a3 Bb7 4. Nc3 Nf6 5. Nf3 Ne4 6. Nxe4 Bxe4 7. Bf4 Be7 8. Nd2 Bb7 9. e4 Bg5 10. Qg4 Bxf4 11. Qxf4 d6 12. Be2 Qf6 13. Qxf6 gxf6 14. d5 a5 15. b3 Nd7 16. O-O Rg8 17. g3 O-O-O 18. Bh5 exd5 19. exd5 Rdf8 20. f4 b5 21. Rad1 f5 22. Be2 bxc4 23. bxc4 Nc5 24. Nf3 Re8 25. Nd4 Re3 26. Rf3 Rge8 27. Kf2 Rc3 28. Rxc3 Ne4+ 29. Kf3 Nxc3 30. Rd2 Ne4 31. Rc2 Nc5 32. Nxf5 Kd7 33. Bf1 c6 34. Ne3 Kc7 35. g4 f6 36. h4 h6 37. Rg2 cxd5 38. cxd5 Rf8 39. Bb5 Rf7 40. Rd2 Bc8 41. Bd3 Re7 42. Bf5 Bb7 43. g5 fxg5 44. hxg5 hxg5 45. fxg5 Nd7 46. Bxd7 Kxd7 47. Rg2 Ke8 48. g6 Kf8 49. Kf4 Bc8 50. Rc2 Bd7 51. Rc7 Ke8 52. Ra7 Rg7 53. Ra8+ Ke7 54. Nf5+ Bxf5 55. Kxf5 1-0

[Event "4NCL Div 1 2024-25"]
[Site "England"]
[Date "2024.11.23"]
[Round "1.36"]
[White "Navrotescu, Andreea"]
[Black "Bates, Richard A"]
[Result "1-0"]
[ECO "A17"]
[WhiteElo "2338"]
[BlackElo "2315"]
[Annotator "RC"]
[PlyCount "111"]
[EventDate "2024.11.23"]
[EventType "team-tourn"]
[EventCountry "ENG"]
[SourceTitle "playchess.com"]
[Source "ChessBase"]
[SourceQuality "1"]
[TimeControl "40/6000+30:3000+30"]

1. c4 e6 2. Nc3 Bb4 3. g3 Nf6 4. Bg2 O-O 5. a3 Bxc3 6. bxc3 d5 7. cxd5 exd5 8. Nf3 Nc6 9. O-O Re8 10. d3 h6 11. h3 b6 12. Bb2 Bb7 13. Qc2 Na5 14. Rad1 Qe7 15. Rfe1 c5 16. Nh4 Qe6 17. g4 Rad8 18. d4 Nc4 19. Bc1 Ne4 20. Nf5 h5 21. f3 Ned6 22. Nxd6 Qxd6 23. e3 hxg4 24. hxg4 Re6 25. e4 dxe4 26. d5 Rg6 27. Rxe4 b5 28. Qe2 Bxd5 29. Re8+ Rxe8 30. Qxe8+ Kh7 31. Kf2 Bc6 32. Rh1+ Rh6 33. Bxh6 Bxe8 34. Bf4+ Kg8 35. Bxd6 Nxd6 36. Rd1 Nc4 37. f4 Kf8 38. Rd8 Ke7 39. Ra8 a5 40. Be4 a4 41. Bd3 Nxa3 42. Rc8 c4 43. Be4 Bd7 44. Rg8 g6 45. g5 b4 46. cxb4 Nb5 47. Ra8 a3 48. Ke3 Kd6 49. Ra6+ Kc7 50. Bd5 c3 51. Bxf7 Kb7 52. Ra5 Nd6 53. Bd5+ Kb6 54. Rxa3 Nb5 55. Ra1 Bf5 56. Be4 1-0

[Event "4NCL Div 1 2024-25"]
[Site "England"]
[Date "2024.11.23"]
[Round "1.42"]
[White "Waldhausen Gordon, Frederick"]
[Black "Merry, Alan B"]
[Result "0-1"]
[ECO "D24"]
[WhiteElo "2361"]
[BlackElo "2417"]
[Annotator "RC"]
[PlyCount "84"]
[EventDate "2024.11.23"]
[EventType "team-tourn"]
[EventCountry "ENG"]
[SourceTitle "playchess.com"]
[Source "ChessBase"]
[SourceQuality "1"]
[TimeControl "40/6000+30:3000+30"]

1. d4 Nf6 2. c4 e6 3. Nf3 d5 4. Nc3 dxc4 5. e4 b5 6. e5 Nd5 7. Nxb5 Nb6 8. Be2 Nc6 9. O-O Be7 10. Be3 O-O 11. Qc1 Rb8 12. Nc3 Nb4 13. Rd1 Ba6 14. a3 N4d5 15. b3 Qc8 16. Nxd5 exd5 17. bxc4 Bxc4 18. Bxc4 Nxc4 19. Bg5 Bxg5 20. Qxg5 Rb2 21. Nh4 h6 22. Qh5 Qe6 23. f4 Qb6 24. f5 Ne3 25. f6 Nxd1 26. Qg4 g5 27. Rxd1 Rb1 28. Nf5 Rb8 29. Nxh6+ Kf8 30. h3 Rxd1+ 31. Qxd1 Qb1 32. Qxb1 Rxb1+ 33. Kf2 Ra1 34. Nf5 Rxa3 35. Ne7 a5 36. Nxd5 a4 37. Nxc7 Rb3 38. d5 a3 39. e6 fxe6 40. dxe6 Rb8 41. Na6 Ra8 42. Nc7 a2 0-1